 Dungeon Crawl Stone Soup version 0.20-a0-760-g49f5558 (webtiles) character file.

162 polly the Skirmisher (level 5, -7/33 HPs)
             Began as a Gargoyle Fighter on Feb 25, 2017.
             Mangled by GlassEater's ghost (8 damage)
             ... on level 3 of the Dungeon.
             The game lasted 00:02:51 (1793 turns).

polly the Skirmisher (Gargoyle Fighter)             Turns: 1793, Time: 00:02:52

Health: -7/33      AC: 12    Str: 24    XL:     5   Next: 43%
Magic:  5/5        EV:  8    Int:  9    God:
Gold:   141        SH: 12    Dex: 10    Spells: 4/4 levels left

rFire    . . .     SeeInvis .   a - +0 flail
rCold    + . .     Gourm    .   b - +0 scale mail
rNeg     + . .     Faith    .   i - +2 shield {rC+}
rPois    ∞         Spirit   .   (no helmet)
rElec    +         Reflect  .   m - +0 cloak (curse)
rCorr    .         Harm     .   (no gloves)
MR       .....                  (no boots)
Stlth    ..........             (no amulet)
Regen    0.2/turn               (no ring)
MPRegen  0.1/turn               (no ring)

@: mighty
A: negative energy resistance 1, electricity resistance, unbreathing,
petrification resistance, rot immunity, AC +4
a: no special abilities


You were on level 3 of the Dungeon.
You were hungry.

You visited 1 branch of the dungeon, and saw 3 of its levels.

You collected 141 gold pieces.

Inventory:

Hand Weapons
 a - a +0 flail (weapon)
Armour
 b - a +0 scale mail (worn)
 i - a +2 shield of cold resistance (worn)
 m - a cursed +0 cloak (worn)
Scrolls
 c - a scroll of teleportation {unknown}
 e - a scroll of fear {unknown}
 g - a scroll of enchant armour {unknown}
 h - 2 scrolls of recharging {unknown}
 j - a scroll of immolation {unknown}
 k - a scroll of magic mapping {unknown}
 l - 5 scrolls of remove curse {unknown}
 o - 3 scrolls of fog {unknown}
Potions
 p - a potion of flight {unknown}
Comestibles
 f - 2 bread rations
 n - 3 fruits


   Skills:
 + Level 4.1 Fighting
 + Level 3.8 Maces & Flails
 + Level 3.6 Armour
 + Level 0.7 Dodging
 + Level 0.2 Stealth
 + Level 4.1 Shields


You had 4 spell levels left.
You didn't know any spells.

Dungeon Overview and Level Annotations

Branches:
Dungeon (3/15)

Altars:

Annotations:
D:3 GlassEater's ghost, amateur HaFi


Innate Abilities, Weirdness & Mutations

You are resistant to torment.
Your stone body is resilient. (AC +4)
You are immune to poison.
You resist negative energy. (rN+)
You are resistant to electric shocks. (rElec)
You can survive without breathing.
You are immune to petrification.
You are immune to rotting.


Message History

GlassEater's ghost is almost destroyed.
GlassEater's ghost hits you but does no damage.
You barely miss GlassEater's ghost.
GlassEater's ghost is almost destroyed.
You block GlassEater's ghost's attack. GlassEater's ghost barely misses you.
You closely miss GlassEater's ghost.
GlassEater's ghost is almost destroyed.
You block GlassEater's ghost's attack.
You completely miss GlassEater's ghost.
GlassEater's ghost is almost destroyed.
You block GlassEater's ghost's attack.
You closely miss GlassEater's ghost.
GlassEater's ghost is almost destroyed.
GlassEater's ghost hits you.
* * * LOW HITPOINT WARNING * * *
GlassEater's ghost hits you!
* * * LOW HITPOINT WARNING * * *
You feel very mighty all of a sudden. GlassEater's ghost hits you!
You die...

#..##.##.....#.# #.....####
#..##.##.#####.# #.....# #
....##.##.# #.# #######
...#.##.##.# #.# .#......##.#
#.# #..S#.##.##.# #.#
##.##.......## #.# ...whh##.#
#.hhSW@.# # #.#####.#####
......#.# #.....# ......#.#
#.###.# .....#.# #.# #.# #####
. #...#.#####.# #.# #.... ..
#...#...>...###.#######.###
...##....)..........#..........
........†..(((.............###


You could see a worm, GlassEater's ghost, an adder and 4 jackals.

Vanquished Creatures
  4 gnolls (D:2)
  5 adders
  An ooze (D:3)
  A worm (D:2)
  A leopard gecko (D:1)
  4 giant cockroaches
  7 goblins
  5 hobgoblins
  2 jackals (D:1)
  10 kobolds
  5 quokkas
  18 bats
  6 frilled lizards
  4 rats
73 creatures vanquished.

Notes
Turn   | Place    | Note
-------+----------+-------------------------------------------
     0 | D:1      | polly the Gargoyle Fighter began the quest for the Orb.
     0 | D:1      | Reached XP level 1. HP: 14/14 MP: 1/1
   105 | D:1      | Reached XP level 2. HP: 13/19 MP: 2/2
   251 | D:1      | You fall through a shaft!
   376 | D:1      | Reached XP level 3. HP: 24/24 MP: 3/3
   948 | D:2      | Reached XP level 4. HP: 29/29 MP: 4/4
  1209 | D:2      | Reached XP level 5. HP: 23/33 MP: 5/5
  1771 | D:3      | Noticed GlassEater's ghost (amateur HaFi)
  1792 | D:3      | HP: 1/33 [GlassEater's ghost (7)]
  1793 | D:3      | Mangled by GlassEater's ghost

Vault maps used:
D:1:      minmay_arrival_arboretum_large

Skill      XL: |  1  2  3  4  5 |
---------------+----------------+-----
Maces & Flails | 3 |  3.8
Shields        | 4 |  4.1
Fighting       | 4 |  4.1
Armour         | |  3.6
Dodging        | |  0.7
Stealth        | |  0.2

Action                   |  1- 3 |  4- 6 || total
-------------------------+-------+-------++-------
Melee: Flail             |   128 |   142 ||   270
  Use: Potion            |       |     1 ||     1
  Eat: Chunk             |       |     3 ||     3
Armor: Scale mail        |   101 |    82 ||   183
Dodge: Dodged            |    54 |    39 ||    93
Block: Shield            |   101 |   103 ||   204
